 Dungeon Crawl Stone Soup version 0.31.0-32-g396128a36d (webtiles) character file.

Game seed: 3091160332675430395

994 BigDaddyOpFi the Ducker (level 8, -2/84 HPs)
             Began as an Octopode Fighter on Apr 10, 2024.
             Incinerated by a bombardier beetle (5 damage)
             ... with a burning spray
             ... on level 5 of the Dungeon.
             The game lasted 00:05:35 (3390 turns).

BigDaddyOpFi the Ducker (Octopode Fighter)          Turns: 3390, Time: 00:05:36

Health: -2/84      AC: 24    Str: 15    XL:     8   Next: 19%
Magic:  8/8        EV:  2    Int: 10    God:
Gold:   282        SH:  5    Dex: 12    Spells: 7/7 levels left

rFire   . .          .
                       - Unarmed
rCold   . . .        a - +0 buckler
rNeg    . . .        g - melded +2 hat
rPois   +            (no amulet)
rElec   .            (no ring)
rCorr   .            (no ring)
SInv    .            (no ring)
Will    .....        (no ring)
Stlth   +            (no ring)
HPRegen 0.34/turn    (no ring)
MPRegen 0.11/turn    (no ring)
                     (no ring)

%: no passive effects
@: on fire, tree-form, glowing
A: stationary, stasis, torment immunity, boosted hp, almost no armour,
(amphibious), 8 rings, (camouflage 1), (gelatinous body 1), (nimble swimmer 1),
(tentacles), clumsy 1
a: no special abilities


You were on level 5 of the Dungeon.
You were a tree.
You visited 1 branch of the dungeon, and saw 5 of its levels.

You collected 282 gold pieces.

Inventory:

Missiles
 o - 6 poisoned darts (quivered)
Armour
 a - a +0 buckler (worn)
 g - a +2 hat (melded)
 h - the +14 chain mail of Vuzot {rElec Dex+4}
   (You found it on level 2 of the Dungeon)

   Dex+4:     It affects your dexterity (+4).
   rElec:     It insulates you from electricity.
Wands
 j - a wand of charming (4)
Scrolls
 c - a scroll of poison
 e - a scroll of teleportation
 f - 3 scrolls of immolation
 i - 2 scrolls of brand weapon
 m - 4 scrolls of fear
Potions
 b - a potion of might
 d - a potion of lignification


   Skills:
 + Level 5.4 Fighting
 + Level 5.5 Dodging
 + Level 5.4 Shields
 + Level 4.9 Unarmed Combat


You had 7 spell levels left.
You didn't know any spells.
Your spell library contained the following spells:

 Spells                   Type           Power      Damage    Failure   Level
 Stone Arrow              Conj/Erth      0%         3d7       82%         3
 Passage of Golubria      Tloc           0%         N/A       99%         4
 Silence                  Hex/Air        0%         N/A       100%        5
 Lehudib's Crystal Spear  Conj/Erth      0%         10d2      100%        8
 Animate Armour           Summ/Erth      Unusable   N/A       N/A         4

Dungeon Overview and Level Annotations

Branches:
Dungeon (5/15)
 Temple: D:4-7

Altars:
Nemelex Xobeh
Sif Muna
Wu Jian

Shops:
D:1 *![*[

Annotations:
D:3 1 transporter
D:4 2 transporters


Innate Abilities, Weirdness & Mutations

You are a tree.
Your roots penetrate the ground, keeping you stationary.
You cannot be teleported.
You are immune to unholy pain and torment.
Your maximum health is greatly increased.
You cannot wear most types of armour.
((You are amphibious.))
You can wear up to eight rings at the same time.
((Your skin changes colour to match your surroundings (Stealth+).))
((Your rubbery body absorbs attacks. (AC +1, EV +1)))
((You are camouflaged when in or above water. (Stealth+)))
((You have tentacles for arms and can constrict up to eight enemies at once.))
You are clumsy. (Dex -2)


Message History

You hit the bombardier beetle.
The bombardier beetle is almost dead.
The liquid fire burns you!
The bombardier beetle completely misses you.
You hit the bombardier beetle.
The bombardier beetle is almost dead.
The liquid fire burns you!
You smack the bombardier beetle!
You kill the bombardier beetle!
The liquid fire burns you!
* * * LOW HITPOINT WARNING * * *
The liquid fire burns you!
* * * LOW HITPOINT WARNING * * *
You cannot move.
You are on fire!
You are on fire!
The liquid fire burns you!
* * * LOW HITPOINT WARNING * * *
The liquid fire burns you!
* * * LOW HITPOINT WARNING * * *
Okay, then.
The liquid fire burns you!
* * * LOW HITPOINT WARNING * * *
You feel better. The liquid fire burns you!
* * * LOW HITPOINT WARNING * * *
The liquid fire burns you!
* * * LOW HITPOINT WARNING * * *
You cannot move.
You cannot move.
The liquid fire burns you!
* * * LOW HITPOINT WARNING * * *
The liquid fire burns you!
* * * LOW HITPOINT WARNING * * *
Okay, then.
Okay, then.
The liquid fire burns you!
* * * LOW HITPOINT WARNING * * *
The liquid fire burns you!
You die...

.#..O#....##.#
..........##.# #.#
..####O.....# #.#
...........#.# #.#
...........#.# #.#
#........#.#.# #.#
#..#####.#.#.## #.#
#.
###......###.#######
.
..........)♣........#
####.#.######.###.###
#.#...[......#.#
#.#..........#.# #
#..#####.#.#.# ...#
#.#.#.# #. #.#.#.#
#.# #.# ..# #.#


There were no monsters in sight!

Vanquished Creatures
  A sky beast (D:3)
  2 ogres
  2 scorpions (D:5)
  3 bombardier beetles
  2 hounds (D:4)
  An orc priest (D:4)
  A gnoll bouda (D:4)
  2 jellies (D:3)
  2 iguanas (D:5)
  Natasha (thrice) (D:2)
  5 gnolls (D:4)
  7 adders
  A dart slug (D:1)
  A ribbon worm (D:2)
  11 orcs
  9 endoplasms
  8 giant cockroaches
  8 hobgoblins
  5 jackals (D:1)
  6 kobolds
  3 quokkas
  9 ball pythons
  2 bats (D:1)
  2 frilled lizards (D:2)
  8 goblins
  2 rats (D:1)
106 creatures vanquished.

Notes
Turn   | Place    | Note
-------+----------+-------------------------------------------
     0 | D:1      | BigDaddyOpFi the Octopode Fighter began the quest for the
                  | Orb.
     0 | D:1      | Reached XP level 1. HP: 16/16 MP: 1/1
     4 | D:1      | Found Dohaqak's Assorted Antiques.
    86 | D:1      | Found Imiuntye's Antique Armour Boutique.
   138 | D:1      | Reached XP level 2. HP: 20/21 MP: 2/2
   349 | D:1      | Found Acki Voa's Assorted Antiques.
   389 | D:1      | Reached XP level 3. HP: 13/26 MP: 3/3
   552 | D:1      | Found Afacyofi's Armour Boutique.
   635 | D:1      | Found Ygon's Distillery.
   711 | D:2      | Noticed Natasha
   716 | D:2      | Identified the +14 chain mail of Vuzot {rElec Dex+4}
   722 | D:2      | Killed Natasha
   723 | D:2      | Reached XP level 4. HP: 22/31 MP: 4/4
   730 | D:2      | Gained mutation: You are clumsy. (Dex -2) [potion of
                  | mutation]
   844 | D:2      | Noticed Natasha
   852 | D:2      | Killed Natasha
  1239 | D:2      | Noticed Natasha
  1253 | D:2      | Killed Natasha
  1254 | D:2      | Reached XP level 5. HP: 35/37 MP: 5/5
  1289 | D:2      | Found an ornate altar of the Wu Jian Council.
  1472 | D:3      | Found a transporter.
  1483 | D:3      | Found a transporter.
  1485 | D:3      | Noticed a sky beast
  1492 | D:3      | Found a sparkling altar of Nemelex Xobeh.
  1574 | D:3      | Killed a sky beast
  1575 | D:3      | Reached XP level 6. HP: 23/43 MP: 6/6
  2028 | D:3      | Found a shimmering blue altar of Sif Muna.
  2644 | D:4      | Reached XP level 7. HP: 44/49 MP: 7/7
  2684 | D:4      | Found a transporter.
  2692 | D:4      | Noticed a kobold demonologist
  2923 | D:4      | Reached skill level 5 in Dodging
  3061 | D:4      | Reached skill level 5 in Fighting
  3108 | D:4      | Found a transporter.
  3121 | D:4      | Reached skill level 5 in Shields
  3310 | D:5      | Entered Level 5 of the Dungeon
  3372 | D:5      | Reached XP level 8. HP: 55/55 MP: 8/8
  3389 | D:5      | HP: 3/84 [burnt (3)]
  3390 | D:5      | Incinerated by a bombardier beetle

Illustrated notes

Levels and vault maps discovered:
D:1:      minmay_arrival_arboretum_small, layout_loops_ring, serial_shops,
          nicolae_shop_trees, shop, nicolae_shop_waterfront, shop, shop
D:2:      kennysheep_big_flooded_room, layout_rooms, basic_altar, uniq_natasha
D:3:      layout_basic, gammafunk_temple_overflow_arena, amcnicky_altar_gilded,
          grunt_decor_junction
D:4:      gammafunk_wand_slinger, layout_basic
D:5:      cheibrodos_fzero, layout_basic, beargit_hepliaklqana_dungeon_heroes,
          gammafunk_ghost_abyssal_escape, supply_closet_lemuel, nzn_random_ring

Skill      XL: |  1  2  3  4  5  6  7 |
---------------+----------------------+-----
Unarmed Combat | 3 4 |  4.9
Fighting       | 4 5 |  5.4
Dodging        | 4 5 |  5.5
Shields        | 4 5 |  5.4

Action                     |  1- 3 |  4- 6 |  7- 9 || total
---------------------------+-------+-------+-------++-------
  Melee: Unarmed           |    67 |   120 |    68 ||   255
         Constrict         |    22 |    31 |    15 ||    68
         Tentacles         |    15 |    28 |    17 ||    60
         Punch             |       |     4 |     3 ||     7
    Use: Potion            |       |     7 |     3 ||    10
         Scroll            |       |     3 |     3 ||     6
   Stab: Sleeping          |     2 |     2 |     1 ||     5
 Armour: Skin              |    34 |    44 |    27 ||   105
  Dodge: Dodged            |    45 |    60 |    26 ||   131
  Block: Buckler           |    20 |    25 |    11 ||    56
